 Dungeon Crawl Stone Soup version 0.22-a0-480-g991dd4b (webtiles) character file.

45 Laiders72 the Caller (level 3, 0/20 HPs)
             Began as a Deep Elf Summoner on June 15, 2018.
             Slain by a sickly merfolk siren
             ... wielding a +0 trident
              (10 damage)
             ... in a sewer.
             The game lasted 00:08:28 (2559 turns).

Laiders72 the Caller (Deep Elf Summoner)            Turns: 2559, Time: 00:08:30

Health: 0/20       AC:  3    Str:  5    XL:     3   Next: 42%
Magic:  5/10       EV: 19    Int: 20    God:
Gold:   125        SH:  0    Dex: 20    Spells: 3/9 levels left

rFire    . . .     SeeInvis .   f - +0 spear
rCold    . . .     Gourm    .   (no shield)
rNeg     . . .     Faith    .   a - +0 robe
rPois    .         Spirit   .   (no helmet)
rElec    .         Reflect  .   (no cloak)
rCorr    .         Harm     .   (no gloves)
MR       .....                  m - +0 pair of boots
Stlth    ++........             (no amulet)
HPRegen  0.06/turn              (no ring)
MPRegen  0.12/turn              (no ring)

@: agile, lethally poisoned (0 -> -4), mesmerised, very slow
A: no striking features
a: no special abilities


You were in a sewer.
You were not hungry.

You visited 1 branch of the dungeon, and saw 3 of its levels.
You also visited: Sewer.

You collected 125 gold pieces.

Inventory:

Hand Weapons
 f - a +0 spear (weapon)
Missiles
 i - 10 arrows
Armour
 a - a +0 robe (worn)
 j - +0 pearl dragon scales
 m - a +0 pair of boots (worn)
Scrolls
 e - 2 scrolls of identify
 g - 2 scrolls of remove curse {unknown}
 n - 2 scrolls of teleportation {unknown}
 o - a scroll of enchant armour {unknown}
Potions
 b - a potion of resistance
 h - a potion of degeneration {unknown}
 k - a potion of brilliance {unknown}
 l - 2 potions of might {unknown}
 p - a potion of heal wounds {unknown}
 q - a potion of mutation {unknown}
 r - a potion of curing {unknown}
Comestibles
 c - 5 rations
 s - 3 chunks of flesh


   Skills:
 + Level 0.6 Fighting
 + Level 2.8 Dodging
 + Level 2.8 Stealth
 * Level 3.8 Spellcasting
 * Level 4.8 Summonings


You had 3 spell levels left.
You knew the following spells:

 Your Spells              Type           Power        Failure   Level  Hunger
a - Summon Small Mammal   Summ           ###.         1%          1    None
b - Call Imp              Summ           ###.....     2%          2    ##.....
c - Call Canine Familiar  Summ           ###.....     5%          3    ###....

Your spell library contained the following spells:

 Spells                   Type           Power        Failure   Level  Hunger
 Summon Ice Beast         Ice/Summ       ##......     43%         4    ####...
 Summon Lightning Spire   Summ/Air       ##......     43%         4    ####...
 Summon Guardian Golem    Hex/Summ       ##......     14%         3    ###....


Dungeon Overview and Level Annotations

Branches:
Dungeon (3/15)

Altars:
Fedhas


Message History

The adder closely misses you.
Your hound barely misses the adder.
Your quokka splashes around in the water.
Your hound bites the adder.
The adder bites you but does no damage.
The sickly merfolk siren completely misses you.
Your quokka bites the sickly merfolk siren but does no damage.
The rat barely misses your quokka.
Your hound closely misses the adder.
The adder bites you.
You are poisoned.
The adder poisons you!
Your quokka closely misses the sickly merfolk siren.
The sickly merfolk siren chants its luring song.
The rat misses your quokka.
Your hound completely misses the adder.
The adder completely misses you.
Your unstable footing causes you to fumble your attack.
You feel sick.
Your quokka bites the sickly merfolk siren.
Your hound barely misses the adder.
The sickly merfolk siren hits you from afar with a trident!
Ouch! That really hurt!
You die...

##.≈## ###.≈≈≈###
...≈≈≈≈∩∩#
##########
≈≈≈≈≈≈≈##########
..≈≈≈≈≈≈≈≈≈≈≈≈≈≈# $
#############≈≈≈###
.. # #.#≈≈≈###≈###
#.##@rm≈≈≈≈≈≈
#..rhSr.≈≈≈≈≈
#######...≈≈≈ ...≈≈
#... ##


You could see a sickly merfolk siren, an adder, a rat, a friendly hound and 2
friendly quokkas.

Vanquished Creatures
  A worm (D:2)
  A giant cockroach (D:3)
  A goblin (D:2)
  A hobgoblin (D:3)
  A bat (D:3)
  4 frilled lizards
  11 rats
20 creatures vanquished.

Vanquished Creatures (collateral kills)
  An adder (D:2)
  5 worms
  2 leopard geckos (D:1)
  An orc (D:2)
  2 giant cockroaches
  3 goblins
  A hobgoblin (D:2)
  2 kobolds
  A quokka (D:2)
  2 ball pythons
  A rat (Sewer)
21 creatures vanquished.

Grand Total: 41 creatures vanquished

Notes
Turn   | Place    | Note
-------+----------+-------------------------------------------
     0 | D:1      | Laiders72 the Deep Elf Summoner began the quest for the Orb.
     0 | D:1      | Reached XP level 1. HP: 10/10 MP: 6/6
   452 | D:1      | Found a blossoming altar of Fedhas.
   885 | D:2      | Reached XP level 2. HP: 15/15 MP: 6/8
  1084 | D:2      | Found a faded altar of an unknown god.
  1231 | D:2      | Learned a level 2 spell: Call Imp
  1877 | D:3      | Reached XP level 3. HP: 16/20 MP: 10/10
  2131 | D:3      | Found a glowing drain.
  2258 | Sewer    | Entered a sewer
  2263 | Sewer    | Learned a level 3 spell: Call Canine Familiar
  2542 | Sewer    | Noticed a sickly merfolk siren
  2559 | Sewer    | Slain by a sickly merfolk siren

Vault maps used:
D:1:      minmay_arrival_statue_studded, minmay_hexomino_r4
D:2:      first_ration, chequers_ecumenical_altar_twisty
D:3:      cheibrodos_sewer_entry_bend, doesnt_xom_only_xom
Sewer:    sewer_sea

Action                   || total
-------------------------++-------
Melee: Unarmed           ||     9
       Spear             ||    82
 Cast: Summon Small Mamm ||    60
       Call Imp          ||     1
       Call Canine Famil ||     1
  Use: Scroll            ||     2
       Potion            ||     1
 Stab: Distracted        ||     1
  Eat: Chunk             ||     5
Armor: Robe              ||    12
Dodge: Dodged            ||    79

Table legend:
 A = Spawn XP
 B = Non-spawn XP
 C = Spawn XP percentage of total XP
 D = Spawn monster count
 E = Non-spawn monster count
 F = Spawn count percentage of total count
 G = Total turns spent on level
                    A         B        C        D         E        F      G
               +---------+---------+-------+---------+---------+-------+---------
         Total |       0 |      65 |   0.0 |       0 |      41 |   0.0 |  2559
               +---------+---------+-------+---------+---------+-------+---------
           D:1 |       0 |       8 |   0.0 |       0 |       6 |   0.0 |   743
           D:2 |       0 |      30 |   0.0 |       0 |      14 |   0.0 |   951
           D:3 |       0 |      13 |   0.0 |       0 |       7 |   0.0 |   564
         Sewer |       0 |      14 |   0.0 |       0 |      14 |   0.0 |   301
               +---------+---------+-------+---------+---------+-------+---------
